 Dungeon Crawl Stone Soup version 0.31-a0-1-g4198be8af4 (webtiles) character file.

Game seed: 3419680082205745657

39 Frutz the Grasshopper (level 3, -3/33 HPs)
             Began as a Naga Warper on May 2, 2023.
             Slain by an orc
             ... wielding a +0 flail
              (7 damage)
             ... on level 2 of the Dungeon.
             The game lasted 00:09:12 (602 turns).

Frutz the Grasshopper (Naga Warper)                  Turns: 602, Time: 00:09:12

Health: -3/33      AC:  2    Str: 15    XL:     3   Next: 45%
Magic:  6/6        EV:  9    Int: 13    God:
Gold:   44         SH:  0    Dex: 10    Spells: 6/6 levels left

rFire   . . .        j - +2 short sword (freeze)
rCold   . . .        (no shield)
rNeg    . . .        b - +0 leather armour
rPois   +            (no helmet)
rElec   .            (no cloak)
rCorr   .            (no gloves)
SInv    +            (no barding)
Will    .....        (no amulet)
Stlth   +            i - ring of flight
HPRegen 0.25/turn    (no ring)
MPRegen 0.10/turn

%: no passive effects
@: flying, very slow
A: AC +1, large, see invisible, deformed body, poison resistance, slowness 2,
spit poison 1, naga tail 1
a: Spit Poison


You were on level 2 of the Dungeon.
You visited 1 branch of the dungeon, and saw 2 of its levels.

You collected 44 gold pieces.

Inventory:

Hand Weapons
 a - a +0 falchion
 f - a +0 spear
 g - a +0 club
 j - a +2 short sword of freezing (weapon)
Missiles
 d - 7 boomerangs of dispersal (quivered)
 l - 5 stones
 m - 5 poisoned darts
 n - 4 boomerangs
Armour
 b - a +0 leather armour (worn)
 k - a +0 robe
Jewellery
 i - a ring of flight (left hand)
Scrolls
 c - a scroll of blinking
 e - a scroll of teleportation {unknown}
Potions
 h - a potion of might {unknown}


   Skills:
 + Level 2.5 Fighting
 + Level 0.1(1.3) Short Blades
 + Level 2.3 Long Blades
 + Level 0.8 Throwing
 + Level 0.9 Armour
 + Level 1.7 Dodging
 + Level 2.0 Spellcasting
 + Level 3.6 Translocations


You had 6 spell levels left.
You didn't know any spells.
Your spell library contained the following spells:

 Spells                   Type           Power      Damage    Failure   Level
 Apportation              Tloc           20%        N/A       7%          1
 Blink                    Tloc           20%        N/A       11%         2
 Lesser Beckoning         Tloc           20%        N/A       11%         2
 Teleport Other           Tloc           10%        N/A       22%         3
 Vhi's Electric Charge    Tloc/Air       12%        N/A       41%         3
 Manifold Assault         Tloc           10%        N/A       56%         4
 Alistair's Intoxication  Tmut/Pois      0%         N/A       100%        5


Dungeon Overview and Level Annotations

Branches:
Dungeon (2/15)

Altars:


Innate Abilities, Weirdness & Mutations

Your serpentine skin is tough. (AC +1)
You have supernaturally acute eyesight. (SInv)
Armour fits poorly on your strangely shaped body.
Your system is resistant to poisons. (rPois)
You cover ground very slowly.
You can spit poison.
You have a snake-like lower body.


Message History

Found a spear.
An orc comes into view. It is wielding a +0 club.
The orc shouts!
An orc comes into view. It is wielding a +0 flail.
An orc wizard comes into view. It is wielding a +0 dagger.
The orc wizard shouts!
You see here a +0 spear.
Welcome back, Frutz the Naga Warper.
Press ? for a list of commands and other information.
The orc shouts!
You hit the orc but do no damage. The orc hits you with a +0 club.
You closely miss the orc. The orc closely misses you.
You completely miss the orc. The orc hits you with a +0 club.
The orc wizard gestures at you while chanting.
You are confused.
You're too confused to move!
The orc hits you with a +0 club.
The orc wizard gestures at you while chanting.
You resist with some effort.
You barely miss the orc. The orc barely misses you.
You closely miss the orc.
The orc wizard hits you with a +0 dagger.
You closely miss the orc. The orc barely misses you. x2
The orc wizard hits you with a +0 dagger.
You closely miss the orc. The orc hits you with a +0 flail.
The orc barely misses you.
The orc wizard hits you with a +0 dagger.
You bump into the rock wall.
You feel less confused. The orc hits you with a +0 club.
The orc wizard gestures at you while chanting.
The magic dart hits you.
* * * LOW HITPOINT WARNING * * *
The orc hits you with a +0 flail.
* * * LOW HITPOINT WARNING * * *
You hit the orc. You freeze the orc.
The orc is almost dead.
You closely miss the orc.
The orc is almost dead.
The orc closely misses you. The orc hits you with a +0 flail!
You die...

#.##.##.##.#.###.#
#.##.......#.# #..
#.>.....####.# ###
#.#####.# #.#
#.#####... ..#
#....##### ###
####.# ######.###
#.o@o....#
#.#o##...#
#.#.##...#
#.#......#
#o#..##..# #.....
..# ###......#
##.###..


You could see an orc wizard and 2 orcs.

Vanquished Creatures
  2 adders (D:2)
  A worm (D:2)
  3 ball pythons
  A bat (D:2)
  An endoplasm (D:1)
  A giant cockroach (D:1)
  4 goblins (D:1)
  A frilled lizard (D:1)
  5 rats
19 creatures vanquished.

Notes
Turn   | Place    | Note
-------+----------+-------------------------------------------
     0 | D:1      | Frutz the Naga Warper began the quest for the Orb.
     0 | D:1      | Reached XP level 1. HP: 19/19 MP: 3/3
    53 | D:1      | Found a faded altar of an unknown god.
   197 | D:1      | Reached XP level 2. HP: 26/26 MP: 5/5
   417 | D:1      | You are sucked into a shaft and drop 1 floor!
   465 | D:2      | Reached XP level 3. HP: 33/33 MP: 6/6
   602 | D:2      | Slain by an orc

Illustrated notes

Levels and vault maps discovered:
D:1:      wander_arrival_peaceful_grave, layout_loops_corners,
          ebering_ecumenical_altar_mist
D:2:      layout_loops_cross, serial_shops, shop, shop, uniq_natasha

Action                     || total
---------------------------++-------
  Melee: Falchion          ||    16
         Short sword       ||    40
 Armour: Leather armour    ||    11
  Dodge: Dodged            ||    26

Table legend: (Time is in decaauts)
 A = Elapsed time spent in this place.
 B = Non-inter-level travel time spent in this place.
 C = Inter-level travel time spent in this place.
 D = Time resting spent in this place.
 E = Time spent auto-exploring this place.
 F = Levels seen in this place.
 G = Mean time per level.
                   A        B        C        D        E       F      G
               +--------+--------+--------+--------+--------+-----+--------+
         Total |    809 |    460 |    349 |      0 |      0 |   2 |  404.5 |
       Dungeon |    809 |    460 |    349 |      0 |      0 |   2 |  404.5 |
               +--------+--------+--------+--------+--------+-----+--------+

Top non-repeatable levels by time:
     D:1: 567 daAuts
     D:2: 242 daAuts
